 Dungeon Crawl Stone Soup version 0.32-a0-20-ge526923d97 (webtiles) character file.

Game seed: 14475589141196474326

561 cforsyth the Trooper (level 7, 0/72 HPs)
             Began as an Oni Shapeshifter on Jan 18, 2024.
             Was an Initiate of Qazlal.
             Slain by a gnoll bouda
             ... wielding a +0 whip
              (7 damage)
             ... on level 4 of the Dungeon.
             The game lasted 00:03:43 (3306 turns).

cforsyth the Trooper (Oni Shapeshifter)             Turns: 3306, Time: 00:03:43

Health: 0/72       AC:  3    Str: 21    XL:     7   Next: 31%
Magic:  0/7        EV: 10    Int: 11    God:    Qazlal [......]
Gold:   73         SH:  0    Dex:  8    Spells: 6/6 levels left

rFire   . .          .
                       - Unarmed
rCold   + . .        (no shield)
rNeg    . . .        a - +0 animal skin
rPois   .            (helmet currently unavailable)
rElec   .            (cloak currently unavailable)
rCorr   .            (gloves unavailable)
SInv    +            (boots unavailable)
Will    .....        p - amulet of guardian spirit
Stlth   +            f - ring of protection from cold
HPRegen 0.32/turn    o - ring of see invisible
MPRegen 0.10/turn

%: guardian spirit
@: beast-form, weakened
A: beast (slay +2), large, unfitting armour, horns 1, tough skin 1, double
potion healing, drunken brawling
a: Begin Untransformation, Renounce Religion


You were on level 4 of the Dungeon.
You worshipped Qazlal.
Qazlal was noncommittal.
You were a hulking beast.
You visited 2 branches of the dungeon, and saw 5 of its levels.

You collected 155 gold pieces.
You spent 82 gold pieces at shops.

Inventory:

Armour
 a - a +0 animal skin (worn)
Jewellery
 f - a ring of protection from cold (left hand)
 i - a +6 ring of dexterity
 o - a ring of see invisible (right hand)
 p - an amulet of guardian spirit (around neck)
Talismans
 c - a beast talisman
 d - a flux talisman
Scrolls
 e - a scroll of blinking
 g - a scroll of amnesia {unknown}
 k - a scroll of torment {unknown}
 l - a scroll of immolation {unknown}
 n - a scroll of teleportation {unknown}
 q - a scroll of revelation {unknown}
 s - a scroll of summoning {unknown}
 v - a scroll of poison {unknown}
Potions
 b - a potion of lignification
 h - a potion of berserk rage
 j - 3 potions of curing
 m - a potion of resistance
 r - 2 potions of might
 t - a potion of mutation
 u - a potion of invisibility


   Skills:
 + Level 5.0 Fighting
 + Level 3.8 Dodging
 + Level 4.3 Unarmed Combat
 + Level 4.6 Shapeshifting


You had 6 spell levels left.
You didn't know any spells.
Your spell library contained the following spells:

 Spells                   Type           Power      Damage    Failure   Level
 Hailstorm                Conj/Ice       0%         3d5       71%         3
 Summon Ice Beast         Ice/Summ       0%         N/A       71%         3
 Sculpt Simulacrum        Ice/Alch       0%         N/A       100%        6


Dungeon Overview and Level Annotations

Branches:
Dungeon (4/15)             Temple (1/1) D:4

Altars:
Ashenzari
Cheibriados
Elyvilon
Gozag
Makhleb
Okawaru
Qazlal
Ru
Sif Muna
Trog
Uskayaw
Vehumet
Wu Jian
Xom
Yredelemnul
Zin
The Shining One

Shops:
D:3 *


Innate Abilities, Weirdness & Mutations

You are a hulking beast.
Your limbs bulge with bestial killing power. (Slay +2)
You are too large for most types of armour.
You have a pair of small horns on your head.
You have tough skin. (AC +1)
You gain doubled healing and magic from potions.
Whenever you drink a healing potion, you attack all around you.


Message History

You hit the gnoll bouda but do no damage.
The gnoll bouda is severely wounded.
The gnoll bouda hits you with a +0 whip!
You hit the gnoll bouda.
The gnoll bouda is severely wounded.
The gnoll bouda utters an invocation to its god.
The gnoll bouda is healed somewhat.
You barely miss the gnoll bouda.
The gnoll bouda is heavily wounded.
The gnoll bouda hits you but does no damage.
You barely miss the gnoll bouda.
The gnoll bouda is heavily wounded.
The gnoll bouda hits you but does no damage.
You closely miss the gnoll bouda.
The gnoll bouda is heavily wounded.
The gnoll bouda hits you with a +0 whip.
You hit the gnoll bouda but do no damage.
You headbutt the gnoll bouda.
The gnoll bouda is severely wounded.
The gnoll bouda hits you with a +0 whip.
* * * LOW HITPOINT WARNING * * *
You hit the gnoll bouda but do no damage.
The gnoll bouda is severely wounded.
The gnoll bouda hits you with a +0 whip.
* * * LOW HITPOINT WARNING * * *
You barely miss the gnoll bouda.
The gnoll bouda is severely wounded.
The gnoll bouda hits you with a +0 whip.
* * * LOW HITPOINT WARNING * * *
You hit the gnoll bouda.
The gnoll bouda is almost dead.
The gnoll bouda gazes fiercely through you!
You feel your attacks grow feeble.
The gnoll bouda hits you with a +0 whip!
* * * LOW HITPOINT WARNING * * *
You hit the gnoll bouda but do no damage.
Your headbutt misses the gnoll bouda.
The gnoll bouda is almost dead.
The gnoll bouda hits you with a +0 whip!
You die...

## ..#....## ##
.###. #....#..##
......
#.#####..#####
...... ##.##
##..##.#
....###...#
##..... #..#....##
#..... #.......#
#..... ##).....##
##.....
#h###....###......
#g.####...##......
...# ###.........
.#..# ##........
..##.# #........
#. .. #...###...
.. .. .....# ##..
.. #.. .#..#.# #.
# #.#### #


You could see a gnoll bouda.

Vanquished Creatures
  Sigmund (D:3)
  An ogre (D:4)
  A phantom (D:4)
  A jelly (D:4)
  Natasha (thrice) (D:3)
  3 gnolls (D:4)
  An adder (D:3)
  5 dart slugs
  A ribbon worm (D:4)
  6 orcs (D:3)
  5 bats
  8 endoplasms
  4 giant cockroaches
  7 goblins
  5 hobgoblins
  2 jackals (D:2)
  4 quokkas
  4 ball pythons (D:1)
  6 frilled lizards
  9 kobolds
  6 rats
83 creatures vanquished.

Notes
Turn   | Place    | Note
-------+----------+-------------------------------------------
     0 | D:1      | cforsyth the Oni Shapeshifter began the quest for the Orb.
     0 | D:1      | Reached XP level 1. HP: 19/19 MP: 1/1
   142 | D:1      | Reached XP level 2. HP: 18/28 MP: 2/2
   236 | D:1      | Reached skill level 2 in Fighting
   395 | D:1      | Reached XP level 3. HP: 29/35 MP: 3/3
  1119 | D:2      | Found a snail-covered altar of Cheibriados.
  1659 | D:2      | Reached XP level 4. HP: 44/44 MP: 4/4
  1873 | D:3      | Found Acweawk's Assorted Antiques.
  1901 | D:3      | Bought a scroll labelled LIVVAR DIFUO for 22 gold pieces
  1901 | D:3      | Bought a bubbling amethyst potion for 19 gold pieces
  1901 | D:3      | Bought a scroll labelled GYAGRA SEYGHYL for 22 gold pieces
  1901 | D:3      | Bought a black potion for 19 gold pieces
  1906 | D:3      | Noticed Natasha
  1914 | D:3      | Killed Natasha
  1983 | D:3      | Noticed Natasha
  1993 | D:3      | Killed Natasha
  1994 | D:3      | Reached skill level 3 in Fighting
  1994 | D:3      | Reached XP level 5. HP: 44/53 MP: 3/5
  2057 | D:3      | Noticed Natasha
  2074 | D:3      | Killed Natasha
  2327 | D:3      | Noticed Sigmund
  2339 | D:3      | Killed Sigmund
  2340 | D:3      | Reached skill level 4 in Fighting
  2340 | D:3      | Reached XP level 6. HP: 47/62 MP: 2/6
  2637 | D:4      | Reached XP level 7. HP: 7/71 MP: 1/7
  2825 | D:4      | Found a staircase to the Ecumenical Temple.
  2840 | Temple   | Entered the Ecumenical Temple
  2913 | Temple   | Became a worshipper of Qazlal Stormbringer
  3290 | D:4      | Reached skill level 5 in Fighting
  3306 | D:4      | Slain by a gnoll bouda

Illustrated notes

Levels and vault maps discovered:
D:1:      minmay_arrival_split_and_join, layout_loops_cross, bh_walls_and_bars
D:2:      layout_loops_ring, basic_altar
D:3:      layout_basic, serial_shops, shop, chequers_serial_rivers_marsh,
          uniq_natasha, uniq_sigmund
D:4:      layout_layer_cave, nicolae_hepliaklqana_monster_ancestors,
          fedhas_altar_fruit_tree, minmay_temple_entry_slanted, enter_ossuary_5,
          uniq_edmund
Temple:   minmay_temple_bridge_d

Skill      XL: |  1  2  3  4  5  6  7 |
---------------+----------------------+-----
Dodging        | 2 3 |  3.8
Fighting       | 2 3 4 5 |  5.0
Unarmed Combat | 3 4 |  4.3
Shapeshifting  | 4 |  4.6

Action                     |  1- 3 |  4- 6 |  7- 9 || total
---------------------------+-------+-------+-------++-------
  Melee: Unarmed           |    98 |    83 |    52 ||   233
         Headbutt          |    10 |    16 |     5 ||    31
         Punch             |     2 |     3 |     1 ||     6
    Use: Scroll            |       |     7 |       ||     7
         Potion            |       |       |     1 ||     1
   Stab: Sleeping          |     1 |       |       ||     1
 Armour: Animal skin       |    58 |    57 |    32 ||   147
  Dodge: Dodged            |    47 |    30 |    14 ||    91

Table legend: (Time is in decaauts)
 A = Elapsed time spent in this place.
 B = Non-inter-level travel time spent in this place.
 C = Inter-level travel time spent in this place.
 D = Time resting spent in this place.
 E = Time spent auto-exploring this place.
 F = Levels seen in this place.
 G = Mean time per level.
                   A        B        C        D        E       F      G
               +--------+--------+--------+--------+--------+-----+--------+
         Total |   3292 |   3072 |    220 |      0 |   2587 |   5 |  658.4 |
       Dungeon |   3148 |   3067 |     81 |      0 |   2587 |   4 |  787.0 |
        Temple |    143 |      4 |    139 |      0 |      0 |   1 |  143.0 |
               +--------+--------+--------+--------+--------+-----+--------+

Top non-repeatable levels by time:
     D:1: 932 daAuts
     D:3: 875 daAuts
     D:2: 794 daAuts
     D:4: 546 daAuts
  Temple: 143 daAuts
